 Dungeon Crawl Stone Soup version 0.28.0 (webtiles) character file.

Game seed: 15130950095916440201

5410 trckry the Magus (level 10, -1/79 HPs)
             Began as a Formicid Fighter on Feb 5, 2022.
             Was an Elder of Nemelex Xobeh.
             Killed from afar by an electric eel (4 damage)
             ... with a bolt of electricity
             ... on level 9 of the Dungeon.
             The game lasted 00:19:39 (9507 turns).

trckry the Magus (Formicid Fighter)                 Turns: 9507, Time: 00:19:39

Health: -1/79      AC: 11    Str: 24    XL:     10   Next: 99%
Magic:  17/17      EV: 28    Int: 11    God:    Nemelex Xobeh [****..]
Gold:   194        SH: 10    Dex: 10    Spells: 9/9 levels left

rFire   . . .      SeeInvis +   y - +0 lajatang
rCold   . . .      Faith    .   G - +0 kite shield
rNeg    . . .      Spirit   .   l - +0 scale mail
rPois   .          Reflect  .   (helmet unavailable)
rElec   .          Harm     .   n - +0 cloak
rCorr   .          Rampage  .   u - +0 pair of gloves
Will    +....                   o - +0 pair of boots
Stlth   ..........              q - amulet of the acrobat
HPRegen 0.23/turn               z - ring "Budefim" {EV+4 Int+2}
MPRegen 0.15/turn               (no ring)

@: acrobatic
A: permanent stasis, dig shafts and tunnels, antennae 3, four strong arms
a: Dig, Shaft Self, Renounce Religion, Draw Escape, Draw Destruction, Draw
Summoning, Triple Draw, Deal Four


You were on level 9 of the Dungeon.
You worshipped Nemelex Xobeh.
Nemelex Xobeh was greatly pleased with you.
You visited 2 branches of the dungeon, and saw 10 of its levels.

You collected 422 gold pieces.
You spent 228 gold pieces at shops.

Inventory:

Hand Weapons
 b - a +0 short sword of venom
 y - a +0 lajatang (weapon)
 C - a +3 quarterstaff of chaos
Missiles
 v - 8 poisoned darts (quivered)
Armour
 l - a +0 scale mail (worn)
 n - a +0 cloak (worn)
 o - a +0 pair of boots (worn)
 u - a +0 pair of gloves (worn)
 G - a +0 kite shield (worn)
Jewellery
 q - an amulet of the acrobat (around neck)
 z - the ring "Budefim" (left hand) {EV+4 Int+2}
   (You found it on level 7 of the Dungeon)

   [ring of evasion]

   EV:        It affects your evasion (+4).
   Int:       It affects your intelligence (+2).
 D - the ring "Geovvuki" {rN+ MP+9}
   (You found it on level 8 of the Dungeon)

   [ring of positive energy]

   rN:        It protects you from negative energy.
   MP:        It affects your magic capacity (+9).
Wands
 a - a wand of digging (3)
 B - a wand of paralysis (5)
 F - a wand of acid (9)
Scrolls
 e - 2 scrolls of summoning {unknown}
 f - 11 scrolls of identify {unknown}
 g - 3 scrolls of fear {unknown}
 h - a scroll of immolation {unknown}
 i - a scroll of magic mapping {unknown}
 j - 2 scrolls of noise {unknown}
 m - 3 scrolls of teleportation {unknown}
 t - a scroll of fog {unknown}
 w - a scroll of amnesia {unknown}
 E - a scroll of silence {unknown}
Potions
 d - a potion of might
 k - 4 potions of curing
 p - a potion of haste {unknown}
 r - 3 potions of flight {unknown}
 s - a potion of ambrosia {unknown}
 x - a potion of lignification {unknown}
 A - a potion of mutation {unknown}


   Skills:
 + Level 7.3 Fighting
 * Level 8.6 Staves
 + Level 7.3 Armour
 + Level 8.0 Shields
 * Level 9.7 Invocations


You had 9 spell levels left.
You didn't know any spells.
Your spell library contained the following spells:

 Spells                   Type           Power      Damage    Failure   Level
 Magic Dart               Conj           0%         1d3       85%         1
 Call Imp                 Summ           0%         N/A       94%         2
 Corpse Rot               Necr/Air       0%         N/A       94%         2
 Scorch                   Fire           0%         2d5       94%         2
 Mephitic Cloud           Conj/Pois/Air  0%         N/A       99%         3
 Dispel Undead            Necr           0%         3d6       100%        4
 Flame Wave               Conj/Fire      0%         2d4       100%        4
 Death Channel            Necr           0%         N/A       100%        6
 Summon Cactus Giant      Summ           0%         N/A       100%        6
 Malign Gateway           Summ/Tloc      0%         N/A       100%        7
 Summon Horrible Things   Summ           0%         N/A       100%        8


Dungeon Overview and Level Annotations

Branches:
Dungeon (9/15)             Temple (1/1) D:4
   Lair: D:8-11         Orc: D:9-12

Altars:
Ashenzari
Cheibriados
Dithmenos
Elyvilon
Fedhas
Gozag
Hepliaklqana
Kikubaaqudgha
Makhleb
Nemelex Xobeh
Okawaru
Qazlal
Ru
Sif Muna
Trog
Uskayaw
Vehumet
Wu Jian
Xom
Yredelemnul
Zin
The Shining One

Shops:
D:4 !   D:5 =   D:7 *


Innate Abilities, Weirdness & Mutations

You cannot be hasted, slowed, berserked, paralysed or teleported.
You can dig through walls and to a lower floor.
You have a pair of large antennae on your head. (SInv)
Your four strong arms can wield two-handed weapons with a shield.


Message History

You open the door.
An electric eel comes into view.
The electric eel shoots out a bolt of lightning at you!
The bolt of electricity hits you!
There is an open door here.
Found a robe.
The electric eel shoots out a bolt of lightning at you!
The bolt of electricity hits you!
You barely miss the electric eel.
The electric eel shoots out a bolt of lightning at you!
The bolt of electricity hits you.
You hit the electric eel but do no damage.
The electric eel shoots out a bolt of lightning at you!
The bolt of electricity hits you!
You slash the electric eel!
The electric eel is heavily wounded.
The electric eel shoots out a bolt of lightning at you!
The bolt of electricity hits you!
You closely miss the electric eel.
The electric eel is heavily wounded.
The electric eel shoots out a bolt of lightning at you!
The bolt of electricity hits you.
You miss the electric eel.
The electric eel is heavily wounded.
The electric eel shoots out a bolt of lightning at you!
The bolt of electricity hits you!
You closely miss the electric eel.
The electric eel is heavily wounded.
The electric eel shoots out a bolt of lightning at you!
The bolt of electricity hits you!
* * * LOW HITPOINT WARNING * * *
The bolt of electricity hits you.
* * * LOW HITPOINT WARNING * * *
There is an open door here.
The electric eel shoots out a bolt of lightning at you!
The bolt of electricity hits you!
* * * LOW HITPOINT WARNING * * *
The bolt of electricity hits you.
You die...
Your body glows with a rainbow of weird colours and disappears.

.....# ##+##.# #..# .....#
#.##.#####.###
.....#+######.#..........#
#####..............###...#
..............#..#.# #...#
..............############
..........#'#....#........
..........#.####.#.≈≈≈≈≈≈≈
.........##.# #@#.≈≈≈≈≈≈≈
..........#.# #.'.S≈≈≈≈≈≈
............# ###.≈≈≈≈≈≈≈
.........#### #.......[
.......... #########
.......... ..........
..... .....


You could see an electric eel.

Vanquished Creatures
  A hydra (D:8)
  A centaur warrior (D:8)
  A two-headed ogre (D:9)
  5 yaks (D:7)
  Menkaure (D:6)
  An acid dragon (D:8)
  Duvessa (D:6)
  2 water moccasins
  An ice beast (D:5)
  A necrophage (D:7)
  2 orc warriors
  A black bear (D:8)
  2 centaurs
  An ogre (D:5)
  A phantom (D:5)
  A kobold brigand (D:5)
  A bullfrog (D:7)
  A scorpion (D:5)
  A water moccasin zombie (D:6)
  A wyvern skeleton (D:5)
  Dowan (D:6)
  4 killer bees (D:8)
  5 wights
  4 howler monkeys
  A centaur zombie (D:6)
  An orc priest (D:7)
  5 hounds
  A jelly (D:7)
  Crazy Yiuf (D:2)
  A bullfrog skeleton (D:5)
  A centaur skeleton (D:7)
  2 iguanas
  4 orc wizards
  A scorpion zombie (D:5)
  2 howler monkey zombies
  4 gnolls (D:8)
  3 adders
  2 shadow imps
  An ufetubus (D:5)
  2 dart slugs
  17 orcs
  9 ball pythons
  6 endoplasms
  A giant cockroach (D:3)
  4 goblins
  3 hobgoblins (D:1)
  6 jackals
  A quokka (D:3)
  5 bats
  2 frilled lizards (D:1)
  4 kobolds
  6 rats
137 creatures vanquished.

Vanquished Creatures (collateral kills)
  An orc wizard (D:8)
1 creature vanquished.

Vanquished Creatures (others)
  19 plants (D:7)
  4 toadstools (D:1)
23 creatures vanquished.

Grand Total: 161 creatures vanquished

Notes
Turn   | Place    | Note
-------+----------+-------------------------------------------
     0 | D:1      | trckry the Formicid Fighter began the quest for the Orb.
     0 | D:1      | Reached XP level 1. HP: 18/18 MP: 1/1
    43 | D:1      | Reached XP level 2. HP: 19/24 MP: 2/2
   505 | D:1      | Reached XP level 3. HP: 29/29 MP: 3/3
   812 | D:2      | Found a faded altar of an unknown god.
   822 | D:2      | Prayed at the altar of an unknown god.
   822 | D:2      | Became a worshipper of Nemelex Xobeh the Trickster
   822 | D:2      | Reached * piety under Nemelex Xobeh
   971 | D:2      | Found a runed translucent door.
   972 | D:2      | Noticed Crazy Yiuf
   985 | D:2      | Killed Crazy Yiuf
   986 | D:2      | Reached skill level 1 in Invocations
   986 | D:2      | Reached XP level 4. HP: 22/37 MP: 4/4
  1550 | D:2      | Received a gift from Nemelex Xobeh
  1787 | D:3      | Found a radiant altar of Vehumet.
  1788 | D:3      | Found an opulent altar of Gozag.
  1852 | D:3      | Found a glowing silver altar of Zin.
  1860 | D:3      | Found a stormy altar of Qazlal.
  2038 | D:3      | Reached ** piety under Nemelex Xobeh
  2522 | D:3      | Identified the +11 war axe of Luut {vorpal, Int+6}
  2799 | D:4      | Found a staircase to the Ecumenical Temple.
  2819 | Temple   | Entered the Ecumenical Temple
  3186 | D:4      | Reached XP level 5. HP: 38/42 MP: 6/6
  3189 | D:4      | Reached skill level 2 in Invocations
  3236 | D:4      | Found Ahaaho's Distillery.
  3241 | D:4      | Bought a potion of curing for 33 gold pieces
  3589 | D:5      | Entered Level 5 of the Dungeon
  3615 | D:5      | Noticed an ogre
  3615 | D:5      | Noticed a kobold brigand
  3624 | D:5      | Killed a kobold brigand
  3625 | D:5      | Reached XP level 6. HP: 30/48 MP: 6/8
  3627 | D:5      | Killed an ogre
  3628 | D:5      | Reached skill level 3 in Invocations
  3805 | D:5      | Reached XP level 7. HP: 53/55 MP: 9/9
  3832 | D:5      | Reached skill level 4 in Invocations
  3919 | D:5      | Reached skill level 5 in Shields
  4357 | D:5      | Reached XP level 8. HP: 61/61 MP: 11/11
  4364 | D:5      | Found Ukuschi Yzaill's Jewellery Emporium.
  4718 | D:6      | Noticed Duvessa
  4727 | D:6      | Killed Duvessa
  4727 | D:6      | Noticed Dowan
  4728 | D:6      | Reached skill level 5 in Staves
  4728 | D:6      | Reached skill level 5 in Invocations
  4732 | D:6      | Noticed Menkaure
  4733 | D:6      | Killed Dowan
  4734 | D:6      | Reached skill level 5 in Fighting
  4734 | D:6      | Reached skill level 5 in Armour
  4741 | D:6      | Killed Menkaure
  4892 | D:6      | Received a gift from Nemelex Xobeh
  4901 | D:6      | Reached *** piety under Nemelex Xobeh
  5010 | D:6      | Found a glowing golden altar of the Shining One.
  5133 | D:6      | Received a gift from Nemelex Xobeh
  5623 | D:7      | Reached skill level 6 in Invocations
  5714 | D:7      | Reached XP level 9. HP: 66/68 MP: 13/13
  5971 | D:7      | Found Leamp's Luxury Loot.
  5984 | D:7      | Bought a +0 lajatang for 195 gold pieces
  6012 | D:7      | Reached skill level 7 in Invocations
  6427 | D:7      | Identified the +0 hat of Itasch {Rampage Int-4 Dex-3
                  | Stlth+}
  6474 | D:7      | Identified the ring "Budefim" {EV+4 Int+2}
  6645 | D:7      | Reached **** piety under Nemelex Xobeh
  6743 | D:8      | Found a burning altar of Makhleb.
  6870 | D:8      | Noticed a six-headed hydra
  6918 | D:8      | Received a gift from Nemelex Xobeh
  6930 | D:8      | Reached skill level 8 in Invocations
  6930 | D:8      | Reached XP level 10. HP: 69/76 MP: 14/16
  7160 | D:8      | Killed a six-headed hydra
  7466 | D:8      | HP: 9/77 [poisoned by a killer bee]
  7761 | D:8      | Found a basalt altar of Yredelemnul.
  7799 | D:8      | Noticed a centaur warrior
  7810 | D:8      | Killed a centaur warrior
  7811 | D:8      | Reached skill level 9 in Invocations
  7820 | D:8      | Identified the ring "Geovvuki" {rN+ MP+9}
  8445 | D:8      | Identified the +0 whip of No Interval {flame, Dex+10
                  | Stlth+}
  8801 | D:9      | Received a gift from Nemelex Xobeh
  8888 | D:9      | Received a gift from Nemelex Xobeh
  9228 | D:9      | Noticed a two-headed ogre
  9250 | D:9      | Killed a two-headed ogre
  9507 | D:9      | HP: 3/79 [electric eel/bolt of electricity (10)]
  9507 | D:9      | Killed from afar by an electric eel

Illustrated notes

Levels and vault maps discovered:
D:1:      ldierk_walled_garden_2, layout_basic
D:2:      layout_basic, ebering_ecumenical_altar_sacrificial,
          uniq_crazy_yiuf_cottage
D:3:      layout_loops_corners, amethyst_overflow_temple_binary,
          nicolae_overflow_squiral, dk_vineyard_1, minivault_27
D:4:      layout_loops_ring, temple_statues, serial_shops, shop_statue,
          minmay_misc_feat_iff
D:5:      layout_basic, serial_shops, shop_fountains, minmay_pentangle
D:6:      layout_basic, tso_metal_star, uniq_menkaure, uniq_duvessa
D:7:      layout_cave_pods, nicolae_alphabet_shops, serial_bayou_lagoon_a
D:8:      layout_gridville, kennysheep_mini, nicolae_overflow_hidden_temple,
          minmay_radiant
D:9:      layout_basic, nrook_pool_corridor, wad_floor_pattern_2
Temple:   regret_index_temple_generic_petals

Skill      XL: |  1  2  3  4  5  6  7  8  9 10 |
---------------+-------------------------------+-----
Shields        | 4 5 6 8 |  8.0
Invocations    | 1 2 3 4 6 8 9 |  9.7
Staves         | 3 4 5 7 8 |  8.6
Fighting       | 4 5 6 7 |  7.3
Armour         | 4 5 6 7 |  7.3

Action                   |  1- 3 |  4- 6 |  7- 9 | 10-12 || total
-------------------------+-------+-------+-------+-------++-------
Melee: Quarterstaff      |    70 |    41 |       |     7 ||   118
       Short sword       |     2 |       |       |       ||     2
       War axe           |       |    42 |   134 |    25 ||   201
       Lajatang          |       |       |       |    55 ||    55
Throw: Dart              |       |       |     2 |       ||     2
Invok: Draw Destruction  |       |       |       |     3 ||     3
       Draw Escape       |       |       |       |     1 ||     1
       Draw Summoning    |       |       |       |     1 ||     1
  Use: Potion            |       |       |       |     1 ||     1
Armor: Scale mail        |    41 |    32 |    78 |    36 ||   187
Dodge: Dodged            |    34 |    39 |    54 |    75 ||   202
Block: Buckler           |    18 |    11 |    38 |    20 ||    87
       Kite shield       |       |       |       |     8 ||     8
